 Dungeon Crawl Stone Soup version 0.25.1-2-g60ff931df9 (webtiles) character file.

Game seed: 8842415286606306602

5617 Curus the Brawler (level 10, 0/96 HPs)
             Began as a Troll Monk on Oct 11, 2020.
             Killed by the air
             ... invoked by Gastronok
              (26 damage)
             ... on level 8 of the Dungeon.
             The game lasted 00:34:10 (6984 turns).

Curus the Brawler (Troll Monk)                      Turns: 6984, Time: 00:34:11

Health: 0/96       AC:  8    Str: 19    XL:     10   Next: 45%
Magic:  9/9        EV: 11    Int:  7    God:
Gold:   751        SH:  0    Dex: 16    Spells: 9/9 levels left

rFire    + . .     SeeInvis .     - Unarmed
rCold    . . .     Gourm    +   (no shield)
rNeg     . . .     Faith    .   a - +0 robe
rPois    +         Spirit   .   (helmet restricted)
rElec    .         Reflect  .   p - +1 cloak {rPois}
rCorr    .         Harm     .   (gloves unavailable)
MR       .....                  (boots unavailable)
Stlth    ++........             n - amulet of magic regeneration
HPRegen  0.66/turn              d - ring of poison resistance
MPRegen  0.36/turn              (no ring)

@: no status effects
A: large, unfitting armour, claws 3, thin skeletal structure 1, fire resistance
1, fast metabolism 3, gourmand, regeneration 1, robust 1, screaming 1, shaggy
fur 1, tough skin 3, weak 1, MP-powered wands
a: no special abilities


You were on level 8 of the Dungeon.
You were completely stuffed.

You visited 2 branches of the dungeon, and saw 9 of its levels.
You also visited: Ossuary.

You collected 751 gold pieces.

Inventory:

Armour
 a - a +0 robe (worn)
 k - a +1 cloak
 p - a +1 cloak of poison resistance (worn)
Jewellery
 d - a ring of poison resistance (left claw)
 n - an amulet of magic regeneration (around neck)
Wands
 i - a wand of random effects (34)
 m - a wand of polymorph (7)
Scrolls
 e - 10 scrolls of identify
 f - 6 scrolls of remove curse
 g - 3 scrolls of teleportation
 j - 2 scrolls of fog
 l - 2 scrolls of magic mapping
 o - a scroll of fear
Potions
 c - 2 potions of stabbing
 h - 5 potions of heal wounds
 s - a potion of cancellation
Comestibles
 b - 10 rations
 q - 5 chunks of flesh


   Skills:
 + Level 2.6 Fighting
 + Level 2.6 Dodging
 - Level 1.0 Stealth
 - Level 15.0 Unarmed Combat


You had 9 spell levels left.
You didn't know any spells.
Your spell library contained the following spells:

 Spells                   Type           Power        Failure   Level  Hunger
 Shock                    Conj/Air       #...         43%         1    ##.....
 Swiftness                Chrm/Air       #.......     56%         2    ###....
 Static Discharge         Conj/Air       #.......     80%         3    ####...
 Airstrike                Air            #.........   99%         4    #####..
 Lightning Bolt           Conj/Air       #.........   100%        5    ######.


Dungeon Overview and Level Annotations

Branches:
Dungeon (8/15)             Temple (1/1) D:4         Ossuary (visited)
   Lair: D:8-11

Altars:
Ashenzari
Cheibriados
Dithmenos
Elyvilon
Gozag
Hepliaklqana
Kikubaaqudgha
Makhleb
Nemelex Xobeh
Okawaru
Qazlal
Ru
Sif Muna
Trog
Vehumet
Wu Jian
Yredelemnul
Zin
The Shining One

Shops:
D:4 [

Annotations:
D:6 2 transporters, DerDa's ghost, novice MiBe
D:8 Gastronok


Innate Abilities, Weirdness & Mutations

You are too large for most types of armour.
You have claws for hands.
Your metabolism is lightning-fast.
You like to eat raw meat.
Your natural rate of healing is unusually fast.
You are covered in fur. (AC +1)
You have extremely tough skin. (AC +3)
You have a somewhat thin skeletal structure. (Dex +2, Stealth)
Your flesh is heat resistant. (rF+)
You are robust. (+10% HP)
You occasionally shout uncontrollably at your foes.
You are weak. (Str -2)
You expend magic power (3 MP) to strengthen your wands.


Message History

Reactivating autopickup.
You feel a bit more experienced.
The orc wizard hits you but does no damage.
The porcupine barely misses you.
You mangle the orc wizard!!
You kill the orc wizard!
The orc hits you.
The porcupine bites you but does no damage.
You claw the shadow imp!
You kill the shadow imp!
The orc hits you but does no damage.
A scorpion comes into view.
The porcupine closely misses you.
You see here a sky beast corpse.
Gastronok waves his eye-stalks in wide circles.
The air twists around and strikes you!!
* * * LOW HITPOINT WARNING * * *
Gastronok waves his eye-stalks in wide circles.
The air twists around and strikes you!!
You die...

.. #.##...# ####.#
... $.#...# #....#
.... #w#...# #...(#
..... #.#...#
#....# #
......##†....#
#....#.#
s.....o)#h...#
#......
.......h#....#
#...#
........##r.##
#...# ........##@.#
#...# .#########.>#
#...# .H...?#.#
#...#######
#####.#.#
#.........# #.#.#
#.........# #.#.#
##........# #.#.#
#))......#
#.#.#####...)....##
#.....'..(......#


You could see Gastronok, a black bear and a porcupine.

Vanquished Creatures
  Harold (D:7)
  A two-headed ogre (D:8)
  Joseph (D:7)
  Prince Ribbit (D:7)
  A hippogriff (D:8)
  Sigmund (D:5)
  A wraith (D:8)
  2 orc warriors
  A black bear (D:5)
  4 sky beasts
  6 phantoms
  3 ogres
  A centaur (D:6)
  The ghost of UnDebs the Conjurer, an amateur DrCj (D:4)
  A big kobold (D:7)
  3 bullfrogs
  4 scorpions
  4 wights (D:7)
  2 crimson imps
  A bullfrog zombie (D:6)
  Crazy Yiuf (D:7)
  A hound (D:8)
  7 orc wizards
  An orc priest (D:6)
  A centaur skeleton (D:6)
  3 jellies (D:7)
  2 iguanas
  3 worker ants
  8 mummies (Ossuary)
  A worker ant zombie (D:5)
  14 adders
  2 shadow imps
  An ooze (D:6)
  2 adder skeletons
  An adder zombie (D:7)
  5 worms
  3 dart slugs
  9 leopard geckos
  31 orcs
  2 ball pythons
  8 bats
  4 giant cockroaches
  4 gnoll zombies (Ossuary)
  10 hobgoblins
  3 jackals (D:3)
  3 quokkas
  12 frilled lizards
  A giant cockroach zombie (D:6)
  10 goblins
  A hobgoblin zombie (Ossuary)
  A jackal skeleton (D:4)
  15 kobolds
  2 kobold zombies (Ossuary)
  A leopard gecko skeleton (D:4)
  An orc zombie (Ossuary)
  A quokka skeleton (D:4)
  6 rats
221 creatures vanquished.

Notes
Turn   | Place    | Note
-------+----------+-------------------------------------------
     0 | D:1      | Curus the Troll Monk began the quest for the Orb.
     0 | D:1      | Reached XP level 1. HP: 22/22 MP: 0/0
   101 | D:1      | Reached XP level 2. HP: 29/29 MP: 1/1
   140 | D:1      | Gained mutation: You have a somewhat thin skeletal
                  | structure. (Dex +2, Stealth) [potion of mutation]
   140 | D:1      | Gained mutation: Your body sometimes deteriorates upon
                  | taking damage. [potion of mutation]
   140 | D:1      | Gained mutation: You are somewhat resistant to further
                  | mutation. [potion of mutation]
   386 | D:1      | Reached skill level 4 in Unarmed Combat
   803 | D:2      | Reached XP level 3. HP: 36/36 MP: 2/2
  1214 | D:2      | Reached XP level 4. HP: 44/44 MP: 3/3
  1320 | D:2      | Reached skill level 5 in Unarmed Combat
  1825 | D:2      | Lost mutation: Your body sometimes deteriorates upon taking
                  | damage. [potion of mutation]
  1825 | D:2      | Lost mutation: You are somewhat resistant to further
                  | mutation. [potion of mutation]
  1825 | D:2      | Gained mutation: Your body sometimes deteriorates upon
                  | taking damage. [potion of mutation]
  1825 | D:2      | Gained mutation: Armour fits poorly on your strangely
                  | shaped body. [potion of mutation]
  1825 | D:2      | Gained mutation: You have a beak for a mouth. [potion of
                  | mutation]
  1825 | D:2      | Gained mutation: You are robust. (+10% HP) [potion of
                  | mutation]
  1834 | D:3      | Noticed a phantom
  1873 | D:3      | Killed a phantom
  1873 | D:3      | Reached skill level 6 in Unarmed Combat
  1873 | D:3      | Reached XP level 5. HP: 30/55 MP: 4/4
  2119 | D:3      | Reached XP level 6. HP: 21/64 MP: 5/5
  2120 | D:3      | Reached skill level 7 in Unarmed Combat
  2227 | D:3      | Found a snail-covered altar of Cheibriados.
  2698 | D:4      | Reached skill level 8 in Unarmed Combat
  2698 | D:4      | Reached XP level 7. HP: 72/72 MP: 6/6
  2778 | D:4      | Found a hazy altar of Hepliaklqana.
  2817 | D:4      | Found a runed translucent gate.
  2818 | D:4      | Found a runed translucent gate.
  2818 | D:4      | Found a runed translucent gate.
  2818 | D:4      | Found an opulent altar of Gozag.
  2821 | D:4      | Noticed UnDebs's ghost (amateur DrCj)
  2871 | D:4      | Found Pure Fez's Antique Armour Shoppe.
  3050 | D:4      | Found a staircase to the Ecumenical Temple.
  3440 | D:4      | Reached skill level 9 in Unarmed Combat
  3717 | Temple   | Entered the Ecumenical Temple
  4004 | D:5      | Entered Level 5 of the Dungeon
  4063 | D:5      | Found an ornate altar of the Wu Jian Council.
  4202 | D:5      | Found a radiant altar of Vehumet.
  4264 | D:5      | Noticed Sigmund
  4280 | D:5      | Killed Sigmund
  4280 | D:5      | Reached skill level 10 in Unarmed Combat
  4280 | D:5      | Reached XP level 8. HP: 77/81 MP: 7/7
  4406 | D:4      | Killed UnDebs's ghost
  4665 | D:5      | Found a shimmering blue altar of Sif Muna.
  4739 | D:6      | Found a stormy altar of Qazlal.
  4746 | D:6      | Reached skill level 11 in Unarmed Combat
  5029 | D:6      | Found a sand-covered staircase.
  5034 | Ossuary  | Entered an ossuary
  5061 | Ossuary  | Reached XP level 9. HP: 78/88 MP: 8/8
  5304 | Ossuary  | Lost mutation: Your body sometimes deteriorates upon taking
                  | damage. [potion of mutation]
  5304 | Ossuary  | Lost mutation: Armour fits poorly on your strangely shaped
                  | body. [potion of mutation]
  5304 | Ossuary  | Lost mutation: You have a beak for a mouth. [potion of
                  | mutation]
  5304 | Ossuary  | Gained mutation: You occasionally shout uncontrollably at
                  | your foes. [potion of mutation]
  5304 | Ossuary  | Gained mutation: You expend magic power (3 MP) to
                  | strengthen your wands. [potion of mutation]
  5304 | Ossuary  | Gained mutation: You are weak. (Str -2) [potion of
                  | mutation]
  5304 | Ossuary  | Gained mutation: Your flesh is heat resistant. (rF+)
                  | [potion of mutation]
  5330 | D:6      | Found an ancient bone altar of Kikubaaqudgha.
  5333 | D:6      | Reached skill level 12 in Unarmed Combat
  5334 | D:6      | Found a shattered altar of Ashenzari.
  5335 | D:6      | Found a bloodstained altar of Trog.
  5402 | D:6      | Identified the +1 great mace of Dismay {venom, Str+4}
  5402 | D:6      | Noticed DerDa's ghost (novice MiBe)
  5460 | D:6      | Found a transporter.
  5464 | D:6      | Found a transporter.
  5647 | D:7      | Noticed Joseph
  5658 | D:7      | Killed Joseph
  5811 | D:7      | Noticed Prince Ribbit
  5830 | D:7      | Killed Prince Ribbit
  5899 | D:7      | Reached skill level 13 in Unarmed Combat
  6118 | D:7      | Found a runed translucent door.
  6119 | D:7      | Noticed Crazy Yiuf
  6442 | D:7      | Noticed Harold
  6453 | D:7      | Killed Harold
  6453 | D:7      | Reached skill level 14 in Unarmed Combat
  6453 | D:7      | Reached XP level 10. HP: 78/96 MP: 9/9
  6733 | D:7      | Killed Crazy Yiuf
  6768 | D:8      | Noticed a two-headed ogre
  6773 | D:8      | Killed a two-headed ogre
  6956 | D:8      | Reached skill level 15 in Unarmed Combat
  6962 | D:8      | Noticed Gastronok
  6984 | D:8      | Killed from afar by Gastronok

Illustrated notes

Levels and vault maps discovered:
D:1:      dpeg_arrival_rooms_a, layout_loops_ring, chequers_serial_rivers_marsh,
          nrook_uturn
D:2:      layout_basic, wad_orctagon
D:3:      layout_loops_ring, cheibriados_altar_1
D:4:      layout_loops_ring, marbit_many_paths, minmay_temple_entry_poolview,
          ebering_ghost_gozag, serial_shops, shop_statue, first_ration,
          minivault_11
D:5:      layout_basic, nicolae_overflow_crystal_walls, tgw_sif,
          nicolae_overflow_hidden_temple, minivault_27, uniq_sigmund
D:6:      layout_rooms, grunt_temple_overflow_open, enter_ossuary_2,
          gammafunk_ghost_smash
D:7:      layout_gridville, uniq_harold, uniq_joseph, uniq_crazy_yiuf_cottage,
          uniq_prince_ribbit1
D:8:      layout_basic, grunt_lair_entry_orc_guard_hut, uniq_gastronok,
          uniq_pikel, uniq_maurice
Temple:   compressed_dpeg_triangle_lava_temple

Skill      XL: |  1  2  3  4  5  6  7  8  9 10 |
---------------+-------------------------------+-----
Unarmed Combat | 4 6 8 10 11 14 15 | 15.0
Fighting       | |  2.6
Dodging        | |  2.6
Stealth        | |  1.0

Action                   |  1- 3 |  4- 6 |  7- 9 | 10-12 || total
-------------------------+-------+-------+-------+-------++-------
Melee: Unarmed           |    90 |   142 |   310 |    42 ||   584
       Punch             |     1 |     2 |    10 |     4 ||    17
       Peck              |       |    23 |    28 |       ||    51
  Use: Scroll            |     4 |     3 |     5 |       ||    12
       Potion            |     3 |     4 |     6 |       ||    13
 Stab: Sleeping          |     9 |     7 |    11 |     1 ||    28
       Distracted        |       |       |     1 |       ||     1
  Eat: Chunk             |    17 |    13 |    32 |     7 ||    69
Armor: Robe              |    37 |    22 |    71 |    15 ||   145
Dodge: Dodged            |    25 |    55 |   116 |    17 ||   213
